[Event "VI Sunway Sitges Open 2019"]
[Site "Sitges"]
[Date "2019.12.18"]
[Round "6.23"]
[White "Lopez Martinez, Josep Manuel"]
[Black "Low, Zhen Yu Cyrus"]
[Result "1-0"]
[ECO "B67"]
[WhiteElo "2561"]
[BlackElo "2420"]
[Annotator "ChessBase"]
[PlyCount "89"]
[EventDate "2019.12.13"]
[EventType "swiss"]
[EventCountry "ESP"]
[SourceTitle "playchess.com"]
[Source "ChessBase"]
[SourceQuality "1"]
[TimeControl "40/5400+30:1800+30"]

1. e4 c5 2. Nf3 Nc6 3. Nc3 d6 4. d4 cxd4 5. Nxd4 Nf6 6. Bg5 e6 7. Qd2 a6 8. O-O-O Bd7 9. f3 Be7 10. h4 h6 11. Be3 h5 12. Bg5 Qc7 13. Kb1 Ne5 14. Bd3 b5 15. Rhe1 b4 16. Nce2 Qb6 17. Be3 Qb7 18. Bg5 a5 19. f4 Neg4 20. Ng1 a4 21. e5 Nd5 22. Bxe7 Nxe7 23. Be4 d5 24. Bf3 g6 25. Bxg4 hxg4 26. Qe2 Rxh4 27. g3 Rh8 28. Qxg4 Qc7 29. Nge2 Nc8 30. Rh1 Rf8 31. Qf3 Nb6 32. b3 Qa7 33. Rd2 O-O-O 34. c3 Kb7 35. cxb4 axb3 36. axb3 Ra8 37. Qc3 Qa3 38. Rh7 Rfc8 39. Qb2 Qxb4 40. Rxf7 Ra3 41. Rc2 Rca8 42. Nxe6 Kb8 43. Nc5 Bf5 44. Rb7+ Kc8 45. Nd3+ 1-0

[Event "VI Sunway Sitges Open 2019"]
[Site "Sitges"]
[Date "2019.12.18"]
[Round "6.24"]
[White "Parvanyan, Ashot"]
[Black "Dragnev, Valentin"]
[Result "1-0"]
[ECO "C45"]
[WhiteElo "2456"]
[BlackElo "2553"]
[Annotator "ChessBase"]
[PlyCount "83"]
[EventDate "2019.12.13"]
[EventType "swiss"]
[EventCountry "ESP"]
[SourceTitle "playchess.com"]
[Source "ChessBase"]
[SourceQuality "1"]
[TimeControl "40/5400+30:1800+30"]

1. e4 e5 2. Nf3 Nc6 3. d4 exd4 4. Nxd4 Nf6 5. Nxc6 bxc6 6. e5 Qe7 7. Qe2 Nd5 8. h4 Qe6 9. Nd2 a5 10. g3 Nb4 11. Nf3 Ba6 12. c4 Qg6 13. Kd1 c5 14. h5 Qb6 15. Bg2 h6 16. Ke1 O-O-O 17. Kf1 d5 18. b3 Kb8 19. Be3 Be7 20. Kg1 Ka7 21. Kh2 g5 22. a3 Nc6 23. b4 Bxc4 24. Qc2 Nd4 25. Bxd4 cxd4 26. bxa5 Qa6 27. Nxd4 c5 28. Nc6+ Qxc6 29. Qxc4 Qe6 30. Qd3 Qa6 31. Qf5 Qe6 32. Qd3 Qa6 33. Qf3 Qxa5 34. Rab1 Rd7 35. Rb2 c4 36. Rhb1 Rhd8 37. Rb5 Qa6 38. Qc3 d4 39. Qf3 g4 40. Rb7+ Rxb7 41. Rxb7+ Ka8 42. Qxf7 1-0

[Event "VI Sunway Sitges Open 2019"]
[Site "Sitges"]
[Date "2019.12.18"]
[Round "6.25"]
[White "Cernousek, Lukas"]
[Black "Harutyunian, Tigran K."]
[Result "0-1"]
[ECO "E62"]
[WhiteElo "2454"]
[BlackElo "2540"]
[Annotator "ChessBase"]
[PlyCount "84"]
[EventDate "2019.12.13"]
[EventType "swiss"]
[EventCountry "ESP"]
[SourceTitle "playchess.com"]
[Source "ChessBase"]
[SourceQuality "1"]
[TimeControl "40/5400+30:1800+30"]

1. d4 Nf6 2. c4 g6 3. g3 Bg7 4. Bg2 O-O 5. Nc3 d6 6. Nf3 c6 7. O-O Bf5 8. Ng5 e5 9. d5 h6 10. dxc6 bxc6 11. Nge4 Nxe4 12. Nxe4 Bxe4 13. Bxe4 a5 14. Bg2 Qc7 15. Qa4 Rc8 16. Bd2 Nd7 17. Rac1 Nc5 18. Qa3 Rcb8 19. Rfd1 Bf8 20. b3 Ra6 21. Be3 Ne6 22. Rc2 a4 23. b4 Nd4 24. Bxd4 exd4 25. Rxd4 Rab6 26. c5 dxc5 27. bxc5 Rb1+ 28. Bf1 Qe5 29. Qe3 Qxe3 30. fxe3 a3 31. Kf2 R1b2 32. Rc3 Ra8 33. Bg2 Ra6 34. Rd8 Rxa2 35. Rb3 Rc2 36. Rb1 a2 37. Ra1 Kg7 38. Be4 Rb2 39. Rc8 Be7 40. Rxc6 Rxc6 41. Bxc6 Rd2 42. Ke1 Bf6 0-1

[Event "VI Sunway Sitges Open 2019"]
[Site "Sitges"]
[Date "2019.12.18"]
[Round "6.26"]
[White "Stefansson, Hannes"]
[Black "Dhulipalla Bala Chandra Prasad"]
[Result "1/2-1/2"]
[ECO "C95"]
[WhiteElo "2538"]
[BlackElo "2414"]
[Annotator "ChessBase"]
[PlyCount "92"]
[EventDate "2019.12.13"]
[EventType "swiss"]
[EventCountry "ESP"]
[SourceTitle "playchess.com"]
[Source "ChessBase"]
[SourceQuality "1"]
[TimeControl "40/5400+30:1800+30"]

1. e4 e5 2. Nf3 Nc6 3. Bb5 a6 4. Ba4 Nf6 5. O-O Be7 6. Re1 b5 7. Bb3 d6 8. c3 O-O 9. h3 Nb8 10. d4 Nbd7 11. Nbd2 Bb7 12. Bc2 Re8 13. Nf1 Bf8 14. Ng3 g6 15. b3 a5 16. a4 b4 17. cxb4 axb4 18. dxe5 dxe5 19. Bb2 Bh6 20. Bd3 Nc5 21. Bb5 Qxd1 22. Raxd1 c6 23. Bc4 Nfd7 24. Bc1 Bxc1 25. Rxc1 Ba6 26. Red1 Re7 27. Nd2 Bxc4 28. Rxc4 Re6 29. Nf3 Rb8 30. Ne2 Rb7 31. Nc1 f6 32. Nh2 Kf8 33. Nf1 Ke7 34. Ne3 Rd6 35. f3 Nxa4 36. bxa4 b3 37. Nd3 Rxd3 38. Rxd3 b2 39. Rd1 b1=Q 40. Rxb1 Rxb1+ 41. Kf2 Kd6 42. Rc2 Ra1 43. Nc4+ Kc7 44. a5 Nc5 45. g4 Nb3 46. g5 Nxa5 1/2-1/2

[Event "VI Sunway Sitges Open 2019"]
[Site "Sitges"]
[Date "2019.12.18"]
[Round "6.28"]
[White "Bjerre, Jonas Buhl"]
[Black "Rathanvel, V S"]
[Result "1/2-1/2"]
[ECO "B90"]
[WhiteElo "2526"]
[BlackElo "2410"]
[Annotator "ChessBase"]
[PlyCount "55"]
[EventDate "2019.12.13"]
[EventType "swiss"]
[EventCountry "ESP"]
[SourceTitle "playchess.com"]
[Source "ChessBase"]
[SourceQuality "1"]
[TimeControl "40/5400+30:1800+30"]

1. e4 c5 2. Nf3 d6 3. d4 cxd4 4. Nxd4 Nf6 5. Nc3 a6 6. f3 e5 7. Nb3 Be6 8. Be3 h5 9. Nd5 Nxd5 10. exd5 Bf5 11. Bd3 Bxd3 12. Qxd3 Nd7 13. O-O-O Be7 14. Kb1 Rc8 15. Rhe1 O-O 16. g4 hxg4 17. fxg4 Bg5 18. h4 Bxe3 19. Rxe3 Nc5 20. Nxc5 Rxc5 21. g5 b5 22. b3 Qd7 23. Rg1 Rfc8 24. Re2 Rc3 25. Qe4 Qh3 26. Rf2 Qe3 27. Qf5 Rxc2 28. Qxf7+ 1/2-1/2

[Event "VI Sunway Sitges Open 2019"]
[Site "Sitges"]
[Date "2019.12.18"]
[Round "6.31"]
[White "Girish, A. Koushik"]
[Black "Jimenez Ruano, Adrian"]
[Result "1-0"]
[ECO "A04"]
[WhiteElo "2506"]
[BlackElo "2263"]
[Annotator "ChessBase"]
[PlyCount "89"]
[EventDate "2019.12.13"]
[EventType "swiss"]
[EventCountry "ESP"]
[SourceTitle "playchess.com"]
[Source "ChessBase"]
[SourceQuality "1"]
[TimeControl "40/5400+30:1800+30"]

1. Nf3 f5 2. d3 Nf6 3. e4 d6 4. Nc3 g6 5. h4 Bg7 6. exf5 Bxf5 7. Be2 e5 8. h5 Nc6 9. Nh4 Nd4 10. Nxf5 Nxf5 11. g4 Nd4 12. g5 Nd7 13. Bg4 c6 14. Ne2 Qe7 15. h6 Bf8 16. Nxd4 exd4+ 17. Qe2 Qxe2+ 18. Kxe2 O-O-O 19. f4 d5 20. Bd2 Bd6 21. Raf1 Kc7 22. f5 Ne5 23. Bh3 Rhf8 24. fxg6 Nxg6 25. Bf5 Rg8 26. Kd1 Rdf8 27. Bxg6 hxg6 28. c3 c5 29. cxd4 cxd4 30. h7 Rh8 31. Rxf8 Bxf8 32. Ke2 Kd7 33. Kf3 Ke6 34. Kg4 Kf7 35. Bf4 Bg7 36. a4 Rc8 37. Rc1 Rxc1 38. Bxc1 Ke6 39. Bf4 a6 40. Bb8 Bh8 41. Kf4 Bg7 42. Bc7 Bh8 43. Bd8 Be5+ 44. Kg4 Bg7 45. Bf6 1-0

[Event "VI Sunway Sitges Open 2019"]
[Site "Sitges"]
[Date "2019.12.18"]
[Round "6.32"]
[White "Shubin, Kirill"]
[Black "Sadzikowski, Daniel"]
[Result "0-1"]
[ECO "B51"]
[WhiteElo "2430"]
[BlackElo "2504"]
[Annotator "ChessBase"]
[PlyCount "80"]
[EventDate "2019.12.13"]
[EventType "swiss"]
[EventCountry "ESP"]
[SourceTitle "playchess.com"]
[Source "ChessBase"]
[SourceQuality "1"]
[TimeControl "40/5400+30:1800+30"]

1. e4 c5 2. Nf3 d6 3. Bb5+ Nd7 4. Ba4 Ngf6 5. O-O e6 6. d3 Be7 7. c4 O-O 8. Nc3 Ne5 9. Ne1 Bd7 10. Bb3 Nc6 11. f4 Nd4 12. Nf3 Nxb3 13. axb3 Bc6 14. Re1 b6 15. Qe2 Re8 16. Bd2 Bf8 17. Kh1 d5 18. e5 Ng4 19. h3 Nh6 20. Kh2 Nf5 21. g4 Nd4 22. Nxd4 cxd4 23. Nd1 a5 24. Nf2 Qd7 25. g5 Qb7 26. c5 bxc5 27. Ng4 Qxb3 28. Rg1 Kh8 29. Rg3 Qxb2 30. Rag1 c4 31. R1g2 c3 32. Nf6 g6 33. Qg4 cxd2 34. Qh4 h6 35. gxh6 Be7 36. f5 exf5 37. e6 fxe6 38. Qg5 Rg8 39. h4 Raf8 40. h7 Rg7 0-1

[Event "VI Sunway Sitges Open 2019"]
[Site "Sitges"]
[Date "2019.12.18"]
[Round "6.33"]
[White "Zanan, Evgeny"]
[Black "Sekar, B."]
[Result "0-1"]
[ECO "B90"]
[WhiteElo "2493"]
[BlackElo "2176"]
[Annotator "ChessBase"]
[PlyCount "92"]
[EventDate "2019.12.13"]
[EventType "swiss"]
[EventCountry "ESP"]
[SourceTitle "playchess.com"]
[Source "ChessBase"]
[SourceQuality "1"]
[TimeControl "40/5400+30:1800+30"]

1. e4 c5 2. Nf3 d6 3. d4 cxd4 4. Nxd4 Nf6 5. Nc3 a6 6. Bd3 e5 7. Nde2 Be7 8. O-O Be6 9. f4 O-O 10. f5 Bd7 11. Ng3 Bc6 12. a4 Nbd7 13. Be3 d5 14. exd5 Nxd5 15. Nxd5 Bxd5 16. Qe2 Nf6 17. c4 Bc6 18. a5 e4 19. Bc2 Bd6 20. Nh5 Be5 21. Rfd1 Qc8 22. Nxf6+ Bxf6 23. Qg4 Bxb2 24. Rab1 Bf6 25. Bxe4 Qe8 26. Rd5 Bxd5 27. cxd5 Qa4 28. Bb6 h5 29. Qf3 Rfe8 30. Bd3 Bd4+ 31. Kh1 Re3 32. Qd1 Qxd1+ 33. Rxd1 Bxb6 34. axb6 Rae8 35. Kg1 Re1+ 36. Rxe1 Rxe1+ 37. Kf2 Re7 38. Kf3 Rd7 39. Ke4 Rd6 40. Kd4 Rxb6 41. Kc5 Rf6 42. d6 Kf8 43. Be4 Ke8 44. Bxb7 Rxf5+ 45. Kc6 Kd8 46. Bxa6 Rf2 0-1

[Event "VI Sunway Sitges Open 2019"]
[Site "Sitges"]
[Date "2019.12.18"]
[Round "6.34"]
[White "Bryakin, Mikhail"]
[Black "Garriga Cazorla, Pere"]
[Result "0-1"]
[ECO "E04"]
[WhiteElo "2428"]
[BlackElo "2484"]
[Annotator "ChessBase"]
[PlyCount "92"]
[EventDate "2019.12.13"]
[EventType "swiss"]
[EventCountry "ESP"]
[SourceTitle "playchess.com"]
[Source "ChessBase"]
[SourceQuality "1"]
[TimeControl "40/5400+30:1800+30"]

1. d4 Nf6 2. c4 e6 3. g3 d5 4. Bg2 dxc4 5. Nf3 Nbd7 6. Nbd2 b5 7. Ne5 Nxe5 8. Bxa8 Qxd4 9. Bg2 Bc5 10. O-O h5 11. Ne4 Nxe4 12. Qxd4 Bxd4 13. Bxe4 Bd7 14. Rd1 Bb6 15. Bd2 a5 16. a3 f6 17. Bc3 Bc6 18. Bxc6+ Nxc6 19. Rac1 a4 20. Rd2 Ke7 21. Rcd1 Rd8 22. Bb4+ Ke8 23. Rxd8+ Nxd8 24. Bf8 Kxf8 25. Rxd8+ Ke7 26. Rb8 Kd6 27. Kf1 Kc6 28. e3 Ba5 29. Ke2 c3 30. Kd3 cxb2 31. Kc2 Bc3 32. Rh8 f5 33. Rxh5 b4 34. axb4 a3 35. Kb1 Kb5 36. Rh8 Kxb4 37. Ka2 Kc4 38. e4 fxe4 39. h4 c5 40. h5 Kd3 41. Rb8 Bb4 42. Kb1 Kc3 43. Ra8 Kb3 44. g4 c4 45. g5 c3 46. h6 c2# 0-1

[Event "VI Sunway Sitges Open 2019"]
[Site "Sitges"]
[Date "2019.12.18"]
[Round "6.35"]
[White "Alexiadis, Hristos"]
[Black "Erenberg, Ariel"]
[Result "1/2-1/2"]
[ECO "C47"]
[WhiteElo "2346"]
[BlackElo "2479"]
[Annotator "ChessBase"]
[PlyCount "50"]
[EventDate "2019.12.13"]
[EventType "swiss"]
[EventCountry "ESP"]
[SourceTitle "playchess.com"]
[Source "ChessBase"]
[SourceQuality "1"]
[TimeControl "40/5400+30:1800+30"]

1. e4 e5 2. Nf3 Nc6 3. Nc3 Nf6 4. d4 exd4 5. Nxd4 Bb4 6. Nxc6 bxc6 7. Bd3 d5 8. exd5 O-O 9. O-O cxd5 10. h3 c6 11. Qf3 Bd6 12. Bg5 h6 13. Bxf6 Qxf6 14. Qxf6 gxf6 15. Ne2 Rb8 16. b3 c5 17. Rad1 Be6 18. c3 Rfd8 19. Bc2 Kg7 20. f4 f5 21. Ng3 Kg6 22. Ne2 Kf6 23. Ng3 Kg6 24. Ne2 Kf6 25. Ng3 Kg6 1/2-1/2

[Event "VI Sunway Sitges Open 2019"]
[Site "Sitges"]
[Date "2019.12.18"]
[Round "6.37"]
[White "Adly, Ahmed"]
[Black "Sankalp Gupta"]
[Result "1-0"]
[ECO "D11"]
[WhiteElo "2607"]
[BlackElo "2365"]
[Annotator "ChessBase"]
[PlyCount "91"]
[EventDate "2019.12.13"]
[EventType "swiss"]
[EventCountry "ESP"]
[SourceTitle "playchess.com"]
[Source "ChessBase"]
[SourceQuality "1"]
[TimeControl "40/5400+30:1800+30"]

1. Nf3 Nf6 2. d4 d5 3. g3 c6 4. Bg2 h6 5. O-O Bf5 6. c4 e6 7. Nc3 Be7 8. Qb3 Qb6 9. c5 Qa6 10. Re1 b6 11. cxb6 axb6 12. Ne5 O-O 13. e4 dxe4 14. Nxe4 Bxe4 15. Bxe4 Qa5 16. Qe3 Nxe4 17. Qxe4 Qd5 18. Qxd5 cxd5 19. Bf4 Bd6 20. Rec1 Ra4 21. Be3 Rd8 22. b3 Ra3 23. Nd3 Kf8 24. Rc2 Ke7 25. Bd2 Rd7 26. Bb4 Bxb4 27. Nxb4 Na6 28. Nc6+ Kd6 29. Rac1 f6 30. f4 g5 31. fxg5 hxg5 32. h4 gxh4 33. gxh4 Nc5 34. Nb4 Ne4 35. Rc6+ Ke7 36. Rxb6 Kf7 37. Rcc6 Kg6 38. Rxe6 Kf5 39. Rec6 Rg7+ 40. Kf1 Ra8 41. Ke2 Rg1 42. Rb5 Rg2+ 43. Kd3 Nf2+ 44. Kc2 Ne4+ 45. Kc1 Rh8 46. Nxd5 1-0

[Event "VI Sunway Sitges Open 2019"]
[Site "Sitges"]
[Date "2019.12.18"]
[Round "6.38"]
[White "Krysa, Leandro"]
[Black "Sarkar, Justin"]
[Result "1-0"]
[ECO "A19"]
[WhiteElo "2527"]
[BlackElo "2360"]
[Annotator "ChessBase"]
[PlyCount "49"]
[EventDate "2019.12.13"]
[EventType "swiss"]
[EventCountry "ESP"]
[SourceTitle "playchess.com"]
[Source "ChessBase"]
[SourceQuality "1"]
[TimeControl "40/5400+30:1800+30"]

1. c4 Nf6 2. Nc3 e6 3. e4 c5 4. e5 Ng8 5. d4 cxd4 6. Qxd4 Nc6 7. Qe4 d6 8. Nf3 dxe5 9. Nxe5 Bd7 10. Nxd7 Qxd7 11. Bg5 Bb4 12. Rd1 Qc7 13. Bd3 Bxc3+ 14. bxc3 Nf6 15. Qe3 Ng4 16. Qg3 Qe5+ 17. Qxe5 Ngxe5 18. Be2 Na5 19. O-O f6 20. Bc1 Nexc4 21. Rd4 Rc8 22. Bg4 Ke7 23. Rfd1 Rhe8 24. Rd7+ Kf8 25. Bh5 1-0

[Event "VI Sunway Sitges Open 2019"]
[Site "Sitges"]
[Date "2019.12.18"]
[Round "6.39"]
[White "Esplugas Esteve, Vicenc"]
[Black "Sadhwani, Raunak"]
[Result "0-1"]
[ECO "E94"]
[WhiteElo "2366"]
[BlackElo "2507"]
[Annotator "ChessBase"]
[PlyCount "96"]
[EventDate "2019.12.13"]
[EventType "swiss"]
[EventCountry "ESP"]
[SourceTitle "playchess.com"]
[Source "ChessBase"]
[SourceQuality "1"]
[TimeControl "40/5400+30:1800+30"]

1. d4 Nf6 2. c4 g6 3. Nc3 Bg7 4. e4 d6 5. Nf3 O-O 6. Be2 Qe8 7. O-O e5 8. dxe5 dxe5 9. b3 Na6 10. Ba3 c5 11. Ne1 b6 12. Nd3 Bb7 13. Bf3 Rd8 14. Re1 Qe7 15. Rc1 Nc7 16. Bb2 Ne6 17. Nd5 Nxd5 18. exd5 Nd4 19. Bxd4 cxd4 20. Qd2 Rfe8 21. Bd1 e4 22. f3 f5 23. fxe4 fxe4 24. Bf3 Qh4 25. g3 Qh6 26. Qxh6 Bxh6 27. Bxe4 Bxc1 28. Nxc1 Re7 29. Nd3 Rde8 30. Nf2 d3 31. Kg2 d2 32. Rd1 Rxe4 33. Nxe4 Rxe4 34. Rxd2 Bc8 35. Kf3 Re5 36. Kf4 Re1 37. b4 Rc1 38. Rd4 Kf7 39. Ke5 Ke7 40. Rf4 Rc2 41. a4 Rxh2 42. c5 Re2+ 43. Kd4 Bd7 44. a5 bxa5 45. bxa5 h5 46. c6 Bf5 47. Kc5 Rc2+ 48. Kb5 Kd6 0-1

[Event "VI Sunway Sitges Open 2019"]
[Site "Sitges"]
[Date "2019.12.18"]
[Round "6.40"]
[White "Saduakassova, Dinara"]
[Black "Pajeken, Jakob Leon"]
[Result "1-0"]
[ECO "D27"]
[WhiteElo "2505"]
[BlackElo "2350"]
[Annotator "ChessBase"]
[PlyCount "97"]
[EventDate "2019.12.13"]
[EventType "swiss"]
[EventCountry "ESP"]
[SourceTitle "playchess.com"]
[Source "ChessBase"]
[SourceQuality "1"]
[TimeControl "40/5400+30:1800+30"]

1. d4 d5 2. c4 dxc4 3. Nf3 Nf6 4. e3 e6 5. Bxc4 c5 6. O-O a6 7. Re1 Nc6 8. Nc3 Be7 9. dxc5 Bxc5 10. Qxd8+ Kxd8 11. Ng5 Ke7 12. Nge4 Nxe4 13. Nxe4 Bb4 14. Rd1 f5 15. a3 Ba5 16. Nc5 Rd8 17. Rxd8 Bxd8 18. e4 b6 19. Bg5+ Kd6 20. Nxe6 Bxe6 21. Rd1+ Ke5 22. f4+ Kxe4 23. Re1+ Kd4 24. Bxe6 Bxg5 25. fxg5 f4 26. Bf5 g6 27. Be4 Rc8 28. Bf3 Kd3 29. Kf2 Kc2 30. b4 Nd4 31. Bb7 Rc3 32. a4 Kb3 33. a5 bxa5 34. bxa5 Rc2+ 35. Kg1 Rc5 36. Rd1 Nc2 37. Rd5 Rc7 38. Bxa6 Nb4 39. Rd6 Ra7 40. Be2 Rxa5 41. h4 Rd5 42. Rf6 Rd4 43. Bf3 Nd3 44. Rf7 Ne5 45. Rxh7 Kc3 46. Re7 Nxf3+ 47. gxf3 Kd2 48. Kg2 Rd3 49. Re4 1-0

[Event "VI Sunway Sitges Open 2019"]
[Site "Sitges"]
[Date "2019.12.18"]
[Round "6.41"]
[White "Lobanov, Sergei"]
[Black "Borocz, Istvan"]
[Result "1-0"]
[ECO "B22"]
[WhiteElo "2504"]
[BlackElo "2346"]
[Annotator "ChessBase"]
[PlyCount "81"]
[EventDate "2019.12.13"]
[EventType "swiss"]
[EventCountry "ESP"]
[SourceTitle "playchess.com"]
[Source "ChessBase"]
[SourceQuality "1"]
[TimeControl "40/5400+30:1800+30"]

1. e4 c5 2. Nf3 Nc6 3. c3 d5 4. exd5 Qxd5 5. d4 Bf5 6. dxc5 Qxd1+ 7. Kxd1 O-O-O+ 8. Nbd2 e5 9. b4 Nf6 10. Bb2 Ne4 11. Ke1 Be7 12. Nxe4 Bxe4 13. Nd2 Bg6 14. Nc4 Rhe8 15. Be2 e4 16. g4 f6 17. Bc1 Bf7 18. Bf4 Bf8 19. Rd1 Rxd1+ 20. Kxd1 Bxc4 21. Bxc4 Ne5 22. Be2 Be7 23. Kc2 Bd8 24. h4 Bc7 25. Be3 Ng6 26. h5 Nf4 27. Bb5 Re7 28. c6 Nd5 29. Bxa7 Be5 30. Bc5 Rc7 31. c4 Nc3 32. Bb6 Re7 33. Kb3 Re6 34. cxb7+ Kxb7 35. Bc5 Ne2 36. Rd1 f5 37. Rd7+ Kb8 38. gxf5 Rf6 39. Be3 Rxf5 40. c5 Bf4 41. Bxe2 1-0

[Event "VI Sunway Sitges Open 2019"]
[Site "Sitges"]
[Date "2019.12.18"]
[Round "6.42"]
[White "Sorensen, Hampus"]
[Black "Barseghyan, Harutyun"]
[Result "1-0"]
[ECO "D30"]
[WhiteElo "2364"]
[BlackElo "2498"]
[Annotator "ChessBase"]
[PlyCount "75"]
[EventDate "2019.12.13"]
[EventType "swiss"]
[EventCountry "ESP"]
[SourceTitle "playchess.com"]
[Source "ChessBase"]
[SourceQuality "1"]
[TimeControl "40/5400+30:1800+30"]

1. d4 e6 2. c4 Nf6 3. Nf3 d5 4. Bg5 Bb4+ 5. Nbd2 dxc4 6. e3 b5 7. a3 Ba5 8. a4 c3 9. bxc3 Bxc3 10. Bxf6 gxf6 11. Bxb5+ c6 12. Rc1 cxb5 13. Rxc3 b4 14. Rc1 a5 15. e4 Ba6 16. Nc4 Bxc4 17. Rxc4 Nd7 18. O-O O-O 19. d5 exd5 20. Rd4 Ne5 21. Rxd5 Qe7 22. Nxe5 fxe5 23. Qh5 f6 24. Rfd1 Qf7 25. Qh4 Qg6 26. R1d3 Kh8 27. h3 Ra7 28. Rd8 Rxd8 29. Rxd8+ Kg7 30. Rd3 Rb7 31. f4 b3 32. f5 b2 33. fxg6 b1=Q+ 34. Kh2 hxg6 35. Rd8 Kf7 36. Qh7+ Ke6 37. Qg8+ Ke7 38. Qe8# 1-0

[Event "VI Sunway Sitges Open 2019"]
[Site "Sitges"]
[Date "2019.12.18"]
[Round "6.43"]
[White "Iniyan, P."]
[Black "Sidhant, Mohapatra"]
[Result "1/2-1/2"]
[ECO "D56"]
[WhiteElo "2497"]
[BlackElo "2338"]
[Annotator "ChessBase"]
[PlyCount "40"]
[EventDate "2019.12.13"]
[EventType "swiss"]
[EventCountry "ESP"]
[SourceTitle "playchess.com"]
[Source "ChessBase"]
[SourceQuality "1"]
[TimeControl "40/5400+30:1800+30"]

1. d4 Nf6 2. c4 e6 3. Nf3 d5 4. Bg5 Be7 5. e3 h6 6. Bh4 O-O 7. Nc3 Ne4 8. Bxe7 Qxe7 9. Rc1 c6 10. g4 Nd7 11. h4 Nxc3 12. Rxc3 g6 13. g5 h5 14. Qc2 e5 15. cxd5 cxd5 16. dxe5 Nxe5 17. Nd4 Nc6 18. Qd3 Ne5 19. Qc2 Nc6 20. Qd3 Ne5 1/2-1/2

[Event "VI Sunway Sitges Open 2019"]
[Site "Sitges"]
[Date "2019.12.18"]
[Round "6.44"]
[White "Gines Esteo, Pedro Antonio"]
[Black "Rafiee, Makan"]
[Result "1-0"]
[ECO "A30"]
[WhiteElo "2483"]
[BlackElo "2335"]
[Annotator "ChessBase"]
[PlyCount "95"]
[EventDate "2019.12.13"]
[EventType "swiss"]
[EventCountry "ESP"]
[SourceTitle "playchess.com"]
[Source "ChessBase"]
[SourceQuality "1"]
[TimeControl "40/5400+30:1800+30"]

1. Nf3 c5 2. e3 g6 3. c4 Nf6 4. Nc3 Bg7 5. b3 O-O 6. Bb2 d5 7. Nxd5 Nxd5 8. Bxg7 Kxg7 9. cxd5 Qxd5 10. Qc2 b6 11. h4 h5 12. Qc3+ f6 13. Bc4 Qc6 14. b4 Ba6 15. Bxa6 Nxa6 16. bxc5 Qxc5 17. Qb3 Qd6 18. d4 Rfc8 19. O-O Rc7 20. e4 Qb4 21. Qd3 Qc4 22. Qd2 Rac8 23. a3 Nb8 24. Qf4 Nd7 25. g4 hxg4 26. Qxg4 Qb5 27. d5 Nf8 28. Kh2 Qd7 29. Qf4 e5 30. Qg3 Rc3 31. a4 R8c4 32. Rfe1 Qc8 33. Qg2 Rb4 34. h5 Rbb3 35. Nd2 Rb2 36. Nf1 Rcc2 37. Kg1 Kh7 38. Ne3 Rc7 39. Qf3 Rg7 40. Kh1 Kh8 41. Rac1 Qd8 42. Qh3 Qd7 43. Qxd7 Rxd7 44. Rc8 Kg7 45. h6+ Kf7 46. Kg2 Nh7 47. Rh1 f5 48. Nc4 1-0

[Event "VI Sunway Sitges Open 2019"]
[Site "Sitges"]
[Date "2019.12.18"]
[Round "6.45"]
[White "Larino Nieto, David"]
[Black "Krastev, Alexander"]
[Result "0-1"]
[ECO "A43"]
[WhiteElo "2475"]
[BlackElo "2323"]
[Annotator "ChessBase"]
[PlyCount "138"]
[EventDate "2019.12.13"]
[EventType "swiss"]
[EventCountry "ESP"]
[SourceTitle "playchess.com"]
[Source "ChessBase"]
[SourceQuality "1"]
[TimeControl "40/5400+30:1800+30"]

1. Nf3 g6 2. d4 Bg7 3. e4 c5 4. d5 d6 5. h3 Nf6 6. Nc3 O-O 7. Bf4 b5 8. Nxb5 Nxe4 9. Bd3 a6 10. Na3 Bxb2 11. Bxe4 Qa5+ 12. Nd2 Qxa3 13. O-O Bg7 14. Rb1 Qa4 15. Qf3 Nd7 16. Bd3 Ra7 17. Nc4 Rb7 18. Rb3 Rxb3 19. axb3 Qb4 20. Rd1 Nf6 21. g4 h5 22. gxh5 Nxh5 23. Bd2 Qb7 24. Na5 Qd7 25. Bf1 Qf5 26. Qxf5 Bxf5 27. c3 Nf6 28. Be1 Ne4 29. Nc6 Re8 30. Rd3 Kf8 31. Re3 Nf6 32. c4 Bh6 33. Re2 e6 34. Bc3 Ne4 35. Ba5 exd5 36. cxd5 Nf6 37. Bd2 Bxd2 38. Rxd2 Re1 39. Kg2 Be4+ 40. f3 Bxd5 41. Bc4 Bxc6 42. Rxd6 Bb5 43. Bxb5 axb5 44. Rxf6 Re6 45. Rf4 Rc6 46. Re4 c4 47. bxc4 bxc4 48. Re2 c3 49. Rc2 Ke7 50. Kf2 Kf6 51. h4 Kf5 52. Ke2 Kf4 53. Kf2 Rc7 54. Ke2 Rc6 55. Kf2 f6 56. Ke2 Kg3 57. Kd1 Kxf3 58. Rh2 c2+ 59. Kc1 Kg3 60. Rh1 f5 61. h5 gxh5 62. Rxh5 f4 63. Rg5+ Kf2 64. Rg8 f3 65. Rf8 Kg2 66. Rg8+ Kf1 67. Rf8 f2 68. Rg8 Rc4 69. Rg7 Ke2 0-1

[Event "VI Sunway Sitges Open 2019"]
[Site "Sitges"]
[Date "2019.12.18"]
[Round "6.46"]
[White "Karthik Venkataraman"]
[Black "Krishnater Kushager"]
[Result "1-0"]
[ECO "B53"]
[WhiteElo "2470"]
[BlackElo "2308"]
[Annotator "ChessBase"]
[PlyCount "77"]
[EventDate "2019.12.13"]
[EventType "swiss"]
[EventCountry "ESP"]
[SourceTitle "playchess.com"]
[Source "ChessBase"]
[SourceQuality "1"]
[TimeControl "40/5400+30:1800+30"]

1. e4 c5 2. Nf3 d6 3. d4 Nf6 4. dxc5 Nxe4 5. cxd6 Nc6 6. dxe7 Qxd1+ 7. Kxd1 Bxe7 8. Be3 Bf5 9. Bd3 O-O-O 10. Ke2 Nb4 11. a3 Nxd3 12. cxd3 Nf6 13. Ne5 Rhe8 14. Nd2 Kb8 15. Ndf3 Ng4 16. Nxg4 Bxg4 17. Rhd1 Rd5 18. h3 Bh5 19. Rac1 f5 20. Rc4 Bf6 21. Kd2 Bxf3 22. gxf3 Bxb2 23. Re1 Rdd8 24. a4 Be5 25. Bg5 Bf6 26. Bxf6 gxf6 27. Rxe8 Rxe8 28. Rh4 Re7 29. Rh5 Re5 30. Rxh7 Ra5 31. Rh4 Kc7 32. Rb4 Re5 33. Rb5 Re7 34. Rxf5 Rh7 35. Rxf6 Rxh3 36. f4 a5 37. Ke2 Rh5 38. Re6 b5 39. Re5 1-0

[Event "VI Sunway Sitges Open 2019"]
[Site "Sitges"]
[Date "2019.12.18"]
[Round "6.47"]
[White "Kucuksari, Kaan"]
[Black "Diaz Camallonga, Carles"]
[Result "0-1"]
[ECO "E11"]
[WhiteElo "2337"]
[BlackElo "2468"]
[Annotator "ChessBase"]
[PlyCount "114"]
[EventDate "2019.12.13"]
[EventType "swiss"]
[EventCountry "ESP"]
[SourceTitle "playchess.com"]
[Source "ChessBase"]
[SourceQuality "1"]
[TimeControl "40/5400+30:1800+30"]

1. d4 e6 2. Nf3 Nf6 3. c4 Bb4+ 4. Bd2 c5 5. Bxb4 cxb4 6. g3 O-O 7. Bg2 d6 8. O-O a5 9. a3 Na6 10. axb4 Nxb4 11. Nc3 Qc7 12. b3 Bd7 13. e4 e5 14. Qd2 Rfd8 15. Rfc1 Qb8 16. Qe3 Re8 17. dxe5 dxe5 18. Nd5 Nbxd5 19. cxd5 b5 20. Ne1 b4 21. Nd3 Bb5 22. Nc5 Qb6 23. Bf1 Ng4 24. Qg5 Bxf1 25. Qxg4 Bb5 26. Qg5 h6 27. Qe3 Rec8 28. Na4 Qxe3 29. fxe3 Bxa4 30. bxa4 Kf8 31. Kf1 Ke7 32. g4 Kd6 33. Ke2 b3 34. Rcb1 Rab8 35. Rb2 Rc4 36. Kd3 Rbb4 37. Rxb3 Rxb3+ 38. Kxc4 Rxe3 39. Kb5 Rxe4 40. Kxa5 Rxg4 41. Kb5 Rg2 42. a5 Rb2+ 43. Kc4 Rc2+ 44. Kb5 Rb2+ 45. Kc4 Rb8 46. a6 Rc8+ 47. Kb5 e4 48. a7 Ra8 49. Kb6 f5 50. Kb7 Rxa7+ 51. Kxa7 f4 52. Kb6 e3 53. Kb5 Kxd5 54. Kb4 Kd4 55. Rd1+ Ke4 56. Kc4 e2 57. Rd7 Kf3 0-1